TOP OF THE 1ST |
Texas Rangers batting - Pitching for Seattle Mariners : RHP Dylan Bundy
|
Pitching: RHP Dylan Bundy
|
|
Batting: LHB Joc Pederson
|
0-0: Called Strike 0-1: Ball 1-1: Swinging Strike 1-2: Ball 2-2: Strikes out looking
|
Batting: RHB Andrelton Simmons
|
0-0: Called Strike 0-1: Ball 1-1: Swinging Strike 1-2: Fly out, F7 (Line Drive, 7D)
|
Batting: LHB Bryce Harper
|
0-0: Called Strike 0-1: Fly out, F9 (Line Drive, 9)
|
Top of the 1st over - 0 runs, 0 hits, 0 errors, 0 left on base; Texas 0 - Seattle 0 |
BOTTOM OF THE 1ST |
Seattle Mariners batting - Pitching for Texas Rangers : RHP Matt Shoemaker
|
Pitching: RHP Matt Shoemaker
|
|
Batting: RHB Cameron Maybin
|
0-0: Ball 1-0: Ball 2-0: Fly out, F9 (Line Drive, 9D)
|
Batting: RHB Tyler O'Neill
|
0-0: Ball 1-0: Called Strike 1-1: Fly out, F7 (Line Drive, 7D)
|
Batting: RHB Manny Machado
|
0-0: Ball 1-0: SINGLE (Groundball, 56S) (infield hit)
|
Batting: RHB Kris Bryant
|
0-0: Foul Ball, location: 2F 0-1: Ball 1-1: Called Strike 1-2: Fielders Choice at 2nd, 6-4 (Groundball, 6)
|
Bottom of the 1st over - 0 runs, 1 hit, 0 errors, 1 left on base; Texas 0 - Seattle 0 |
TOP OF THE 2ND |
Texas Rangers batting - Pitching for Seattle Mariners : RHP Dylan Bundy
|
Batting: LHB Eric Thames
|
0-0: Foul Ball, location: 2F 0-1: Ball 1-1: Fly out, F9 (Flyball, 89S)
|
Batting: SHB Jeimer Candelario
|
0-0: Reached on error, E4 (Groundball, 4)
|
Batting: SHB Asdrubal Cabrera
|
0-0: Ball 1-0: Foul Ball, location: 2F 1-1: Fly out, F7 (Line Drive, 7)
|
Batting: RHB Mark Zagunis
|
0-0: Called Strike 0-1: Ball 1-1: Swinging Strike 1-2: Ball 2-2: Ball 3-2: Base on Balls Jeimer Candelario to second
|
Batting: SHB Matt Wieters
|
0-0: Ball 1-0: Ball 2-0: Called Strike 2-1: Fly out, F4 (Popup, 4M)
|
Top of the 2nd over - 0 runs, 0 hits, 1 error, 2 left on base; Texas 0 - Seattle 0 |
BOTTOM OF THE 2ND |
Seattle Mariners batting - Pitching for Texas Rangers : RHP Matt Shoemaker
|
Batting: RHB Matt Kemp
|
0-0: Called Strike 0-1: Swinging Strike 0-2: Ground out 6-3 (Groundball, 6)
|
Batting: RHB Yoenis Cespedes
|
0-0: Foul Ball, location: 2F 0-1: Swinging Strike 0-2: Ball 1-2: Strikes out swinging
|
Batting: RHB Christian Villanueva
|
0-0: Ground out 6-3 (Groundball, 6)
|
Bottom of the 2nd over - 0 runs, 0 hits, 0 errors, 0 left on base; Texas 0 - Seattle 0 |
TOP OF THE 3RD |
Texas Rangers batting - Pitching for Seattle Mariners : RHP Dylan Bundy
|
Batting: SHB Breyvic Valera
|
0-0: Fly out, F9 (Flyball, 9S)
|
Batting: LHB Joc Pederson
|
0-0: Foul Ball, location: 2F 0-1: Ball 1-1: Ball 2-1: Ground out 4-3 (Groundball, 4)
|
Batting: RHB Andrelton Simmons
|
0-0: Ball 1-0: Ball 2-0: Fly out, F8 (Line Drive, 8RD)
|
Top of the 3rd over - 0 runs, 0 hits, 0 errors, 0 left on base; Texas 0 - Seattle 0 |
BOTTOM OF THE 3RD |
Seattle Mariners batting - Pitching for Texas Rangers : RHP Matt Shoemaker
|
Batting: RHB Willians Astudillo
|
0-0: Fly out, F5 (Line Drive, 6)
|
Batting: RHB Yunel Escobar
|
0-0: Foul Ball, location: 2F 0-1: Ball 1-1: Foul Ball, location: 2F 1-2: Strikes out swinging
|
Batting: RHB Cameron Maybin
|
0-0: Called Strike 0-1: DOUBLE (Line Drive, 7LD)
|
Batting: RHB Tyler O'Neill
|
0-0: Swinging Strike 0-1: Ground out 1-3 (Groundball, 34S)
|
Bottom of the 3rd over - 0 runs, 1 hit, 0 errors, 1 left on base; Texas 0 - Seattle 0 |
TOP OF THE 4TH |
Texas Rangers batting - Pitching for Seattle Mariners : RHP Dylan Bundy
|
Batting: LHB Bryce Harper
|
0-0: Called Strike 0-1: Swinging Strike 0-2: Ball 1-2: Ball 2-2: Strikes out swinging
|
Batting: LHB Eric Thames
|
0-0: DOUBLE (Line Drive, 78XD)
|
Batting: SHB Jeimer Candelario
|
0-0: Ball 1-0: Called Strike 1-1: Called Strike 1-2: Ball 2-2: SINGLE (Groundball, 4D) Eric Thames to third Runner from 3rd tries for Home, SAFE, throw by RF to home
|
Batting: SHB Asdrubal Cabrera
|
0-0: Foul Ball, location: 2F 0-1: Ball 1-1: Foul Ball, location: 2F 1-2: Ball 2-2: SINGLE (Line Drive, 9S) Jeimer Candelario to second Runner from 2nd tries for 3rd, SAFE, no throw by RF
|
Batting: RHB Mark Zagunis
|
0-0: Hit by Pitch Asdrubal Cabrera to second
|
Batting: SHB Matt Wieters
|
0-0: Called Strike 0-1: Ball 1-1: Ball 2-1: GRAND SLAM HOME RUN (Flyball, 9LD), Distance : 355 ft
|
Batting: SHB Breyvic Valera
|
0-0: Ball 1-0: Foul Ball, location: 2F 1-1: Ground out 4-3 (Groundball, 4)
|
Batting: LHB Joc Pederson
|
0-0: Foul Ball, location: 2F 0-1: Called Strike 0-2: SOLO HOME RUN (Flyball, 7D), Distance : 371 ft
|
Batting: RHB Andrelton Simmons
|
0-0: Ball 1-0: Ball 2-0: Foul Ball, location: 2F 2-1: Ball 3-1: Base on Balls
|
Batting: LHB Bryce Harper
|
0-0: Called Strike 0-1: Called Strike 0-2: Foul Ball, location: 2F 0-2: Foul Ball, location: 2F 0-2: Foul Ball, location: 2F 0-2: Ball 1-2: Fly out, F5 (Popup, 25F)
|
Top of the 4th over - 6 runs, 5 hits, 0 errors, 1 left on base; Texas 6 - Seattle 0 |
BOTTOM OF THE 4TH |
Seattle Mariners batting - Pitching for Texas Rangers : RHP Matt Shoemaker
|
Batting: RHB Manny Machado
|
0-0: Called Strike 0-1: Ball 1-1: SOLO HOME RUN (Flyball, 7D), Distance : 374 ft
|
Batting: RHB Kris Bryant
|
0-0: Fly out, F4 (Popup, 34)
|
Batting: RHB Matt Kemp
|
0-0: Called Strike 0-1: SINGLE (Flyball, 7LS)
|
Batting: RHB Yoenis Cespedes
|
0-0: Fly out, F3 (Line Drive, 3)
|
Batting: RHB Christian Villanueva
|
0-0: Ball 1-0: Called Strike 1-1: Ball Wild Pitch! Matt Kemp to second 2-1: DOUBLE (Line Drive, 9LM) Matt Kemp scores
|
Batting: RHB Willians Astudillo
|
0-0: Called Strike 0-1: Ball 1-1: Ball 2-1: Foul Ball, location: 2F 2-2: Fly out, F6 (Line Drive, 6)
|
Bottom of the 4th over - 2 runs, 3 hits, 0 errors, 1 left on base; Texas 6 - Seattle 2 |
TOP OF THE 5TH |
Texas Rangers batting - Pitching for Seattle Mariners : RHP Dylan Bundy
|
Batting: LHB Eric Thames
|
0-0: Foul Ball, location: 2F 0-1: Ball 1-1: Ground out 6-3 (Groundball, 4)
|
Batting: SHB Jeimer Candelario
|
0-0: Ball 1-0: Foul Ball, location: 2F 1-1: Foul Ball, location: 2F 1-2: Ball 2-2: Ground out 4-3 (Groundball, 4)
|
Batting: SHB Asdrubal Cabrera
|
0-0: Ball 1-0: Foul Ball, location: 2F 1-1: Ground out 1-3 (Groundball, 13)
|
Top of the 5th over - 0 runs, 0 hits, 0 errors, 0 left on base; Texas 6 - Seattle 2 |
BOTTOM OF THE 5TH |
Seattle Mariners batting - Pitching for Texas Rangers : RHP Matt Shoemaker
|
Batting: RHB Yunel Escobar
|
0-0: Ball 1-0: Foul Ball, location: 2F 1-1: Foul Ball, location: 2F 1-2: Ground out 1-3 (Groundball, 15S)
|
Batting: RHB Cameron Maybin
|
0-0: Called Strike 0-1: SINGLE (Groundball, 4D)
|
Batting: RHB Tyler O'Neill
|
0-0: Fielders Choice at 2nd, 6-4 (Groundball, 6)
|
Batting: RHB Manny Machado
|
0-0: Ball Tyler O'Neill steals 2nd base 1-0: Called Strike 1-1: Called Strike 1-2: 2-RUN HOME RUN (Flyball, 9D), Distance : 383 ft
|
Batting: RHB Kris Bryant
|
0-0: Called Strike 0-1: Ball 1-1: Foul Ball, location: 2F 1-2: Foul Ball, location: 2F 1-2: Ball 2-2: Ball 3-2: Foul Ball, location: 2F 3-2: Foul Ball, location: 2F 3-2: Fly out, F6 (Flyball, 6D)
|
Bottom of the 5th over - 2 runs, 2 hits, 0 errors, 0 left on base; Texas 6 - Seattle 4 |
TOP OF THE 6TH |
Texas Rangers batting - Pitching for Seattle Mariners : RHP Dylan Bundy
|
Pitching: RHP Tim Lincecum
|
|
Batting: RHB Mark Zagunis
|
0-0: Ball 1-0: Foul Ball, location: 2F 1-1: Ball 2-1: Foul Ball, location: 2F 2-2: Ball 3-2: Base on Balls
|
Batting: SHB Matt Wieters
|
0-0: Called Strike 0-1: Ball Pickoff Throw to First - Out! 1-3 1-1: Ground out 5-3 (Groundball, 5S)
|
Batting: SHB Breyvic Valera
|
0-0: Ball 1-0: Called Strike 1-1: Ball 2-1: Ground out 1-3 (Groundball, 15S)
|
Top of the 6th over - 0 runs, 0 hits, 0 errors, 0 left on base; Texas 6 - Seattle 4 |
BOTTOM OF THE 6TH |
Seattle Mariners batting - Pitching for Texas Rangers : RHP Matt Shoemaker
|
Pitching: RHP Matt Bowman
|
|
Batting: RHB Matt Kemp
|
0-0: Ball 1-0: Swinging Strike 1-1: SINGLE (Line Drive, 6D)
|
Batting: RHB Yoenis Cespedes
|
0-0: Ball 1-0: Ball 2-0: Ball 3-0: Called Strike 3-1: Called Strike 3-2: Strikes out swinging
|
Batting: RHB Christian Villanueva
|
0-0: Ball 1-0: Ball 2-0: Called Strike 2-1: Ground out 5-3 (Groundball, 56S) Matt Kemp to second
|
Batting: RHB Willians Astudillo
|
0-0: Fly out, F9 (Flyball, 9D)
|
Bottom of the 6th over - 0 runs, 1 hit, 0 errors, 1 left on base; Texas 6 - Seattle 4 |
TOP OF THE 7TH |
Texas Rangers batting - Pitching for Seattle Mariners : RHP Tim Lincecum
|
Batting: LHB Joc Pederson
|
0-0: Ball 1-0: Called Strike 1-1: Called Strike 1-2: Strikes out swinging
|
Batting: RHB Andrelton Simmons
|
0-0: Ball 1-0: Ground out 6-3 (Groundball, 6)
|
Batting: LHB Bryce Harper
|
0-0: Called Strike 0-1: Ball 1-1: Swinging Strike 1-2: Foul Ball, location: 2F 1-2: Strikes out swinging
|
Top of the 7th over - 0 runs, 0 hits, 0 errors, 0 left on base; Texas 6 - Seattle 4 |
BOTTOM OF THE 7TH |
Seattle Mariners batting - Pitching for Texas Rangers : RHP Matt Bowman
|
Batting: RHB Yunel Escobar
|
0-0: Ground out 1-3 (Groundball, P)
|
Batting: RHB Cameron Maybin
|
0-0: Ball 1-0: Called Strike 1-1: Ball 2-1: SINGLE (Groundball, 56D)
|
Batting: RHB Tyler O'Neill
|
0-0: Foul Ball, location: 2F 0-1: Grounds into double play, 6-4-3 (Groundball, 56D)
|
Bottom of the 7th over - 0 runs, 1 hit, 0 errors, 0 left on base; Texas 6 - Seattle 4 |
TOP OF THE 8TH |
Texas Rangers batting - Pitching for Seattle Mariners : RHP Tim Lincecum
|
Pitching: RHP Alex Wilson
|
|
Batting: LHB Eric Thames
|
0-0: Ball 1-0: Foul Ball, location: 2F 1-1: Foul Ball, location: 2F 1-2: Ball 2-2: Ball 3-2: Fly out, F5 (Flyball, 5D)
|
Batting: SHB Jeimer Candelario
|
0-0: Called Strike 0-1: SINGLE (Flyball, 7S)
|
Batting: SHB Asdrubal Cabrera
|
0-0: Called Strike 0-1: SINGLE (Line Drive, 8LS) Jeimer Candelario to second Runner from 2nd tries for 3rd, SAFE, throw by CF made to third
|
Batting: RHB Mark Zagunis
|
0-0: Ball 1-0: Fly out, F9 (Flyball, 9LD) Runner from 3rd tags up, SCORES, throw by RF
|
Batting: SHB Matt Wieters
|
0-0: Ball 1-0: Foul Ball, location: 2F 1-1: Called Strike 1-2: Strikes out swinging
|
Top of the 8th over - 1 run, 2 hits, 0 errors, 1 left on base; Texas 7 - Seattle 4 |
BOTTOM OF THE 8TH |
Seattle Mariners batting - Pitching for Texas Rangers : RHP Matt Bowman
|
Pitching: RHP Trevor Hildenberger
|
|
Batting: RHB Manny Machado
|
0-0: Called Strike 0-1: Ball 1-1: Fly out, F8 (Flyball, 8RD)
|
Batting: RHB Kris Bryant
|
0-0: Called Strike 0-1: Foul Ball, location: 2F 0-2: Strikes out swinging
|
Batting: RHB Matt Kemp
|
0-0: Ball 1-0: Called Strike 1-1: Fly out, F7 (Flyball, 7LS)
|
Bottom of the 8th over - 0 runs, 0 hits, 0 errors, 0 left on base; Texas 7 - Seattle 4 |
TOP OF THE 9TH |
Texas Rangers batting - Pitching for Seattle Mariners : RHP Alex Wilson
|
Pitching: RHP Wily Peralta
|
|
Batting: SHB Breyvic Valera
|
0-0: Called Strike 0-1: Ball 1-1: Ground out 1-3 (Groundball, 13)
|
Batting: LHB Joc Pederson
|
0-0: Called Strike 0-1: Called Strike 0-2: Foul Ball, location: 2F 0-2: Strikes out swinging
|
Batting: RHB Andrelton Simmons
|
0-0: Ground out 1-3 (Groundball, P)
|
Top of the 9th over - 0 runs, 0 hits, 0 errors, 0 left on base; Texas 7 - Seattle 4 |
BOTTOM OF THE 9TH |
Seattle Mariners batting - Pitching for Texas Rangers : RHP Trevor Hildenberger
|
Pitching: RHP Anthony Swarzak
|
|
Batting: RHB Yoenis Cespedes
|
0-0: Ball 1-0: Foul Ball, location: 2F 1-1: SINGLE (Groundball, 6D)
|
Batting: RHB Christian Villanueva
|
0-0: Called Strike 0-1: Ball 1-1: SINGLE (Groundball, 4MD) Yoenis Cespedes to second
|
Pinch Hitting: LHB Preston Tucker
|
0-0: Ball 1-0: Called Strike 1-1: Called Strike 1-2: Strikes out swinging
|
Batting: RHB Yunel Escobar
|
0-0: Ball 1-0: Called Strike 1-1: Grounds into double play, 6-4-3 (Groundball, 6)
|
Bottom of the 9th over - 0 runs, 2 hits, 0 errors, 1 left on base; Texas 7 - Seattle 4 |
|